 Dungeon Crawl Stone Soup version 0.20.0-10-g0535bb4 (webtiles) character file.

257 pib the Conjurer (level 5, -2/28 HPs)
             Began as a Deep Elf Wizard on June 7, 2017.
             Killed from afar by Blork the orc (10 damage)
             ... with a puff of frost
             ... on level 4 of the Dungeon.
             The game lasted 00:12:48 (3143 turns).

pib the Conjurer (Deep Elf Wizard)                  Turns: 3143, Time: 00:12:48

Health: -2/28      AC:  3    Str:  4    XL:     5   Next: 93%
Magic:  2/13       EV: 13    Int: 24    God:
Gold:   195        SH:  0    Dex: 13    Spells: 3/12 levels left

rFire    + . .     SeeInvis .   j - +0 short sword
rCold    . . .     Gourm    .   (no shield)
rNeg     . . .     Faith    .   a - +0 robe
rPois    .         Spirit   .   w - +0 helmet
rElec    .         Reflect  .   (no cloak)
rCorr    .         Harm     .   (no gloves)
MR       .....                  (no boots)
Stlth    ++........             (no amulet)
Regen    0.1/turn               v - ring of protection from fire
MPRegen  0.2/turn               (no ring)

@: no status effects
A: no striking features
a: no special abilities


You were on level 4 of the Dungeon.
You were not hungry.

You visited 1 branch of the dungeon, and saw 4 of its levels.

You collected 195 gold pieces.

Inventory:

Hand Weapons
 j - a +0 short sword (weapon)
Missiles
 k - 178 stones (quivered)
Armour
 a - a +0 robe (worn)
 b - a +0 hat
 w - a +0 helmet (worn)
Jewellery
 v - a ring of protection from fire (left hand)
Wands
 s - a wand of digging (14/24)
Scrolls
 e - a scroll of blinking
 h - a scroll of random uselessness {unknown}
 n - 2 scrolls of identify {unknown}
 p - a scroll of amnesia {unknown}
 q - a scroll of fear {unknown}
 r - 2 scrolls of remove curse {unknown}
 x - 2 scrolls of fog {unknown}
Potions
 i - a potion of brilliance {unknown}
 l - 2 potions of curing {unknown}
 m - a potion of cancellation {unknown}
 o - 2 potions of agility {unknown}
 t - a potion of heal wounds {unknown}
 u - a potion of might {unknown}
Books
 c - a book of Minor Magic

   Spells                             Type                      Level
   a - Magic Dart                     Conjuration                  1
   b - Blink                          Translocation                2
   c - Call Imp                       Summoning                    2
   d - Slow                           Hexes                        2
   e - Conjure Flame                  Conjuration/Fire             3
   f - Mephitic Cloud                 Conjuration/Poison/Air       3
Comestibles
 d - 2 bread rations
 f - 2 royal jellies


   Skills:
 - Level 2.4 Dodging
 - Level 2.4 Stealth
 - Level 4.4 Spellcasting
 + Level 5.0 Conjurations
   Level 1.1 Summonings
 - Level 1.1 Translocations
 + Level 0.0 Fire Magic
 - Level 2.3 Air Magic
 - Level 2.6 Poison Magic


You had 3 spell levels left.
You knew the following spells:

 Your Spells              Type           Power        Failure   Level  Hunger
a - Magic Dart            Conj           ####         1%          1    None
b - Blink                 Tloc           N/A          9%          2    None
c - Conjure Flame         Conj/Fire      ###.....     10%         3    ##.....
d - Mephitic Cloud        Conj/Pois/Air  ###.....     7%          3    ##.....


Dungeon Overview and Level Annotations

Branches:
Dungeon (4/15)
 Temple: D:4-7

Altars:
Cheibriados
Makhleb
Ru
Trog

Annotations:
D:4 Blork the orc


Message History

The fire ignites!
Blork the orc casts a cantrip, but nothing happens.
Casting: Conjure Flame
Confirm with . or Enter, or press ? or * to list all spells.
Okay, then.
All of the chunks of flesh in your inventory have rotted away.
Blork the orc hits you with a war axe.
Blork the orc gestures at you while chanting.
The puff of frost hits you!
Blork the orc screams, "I'll break your legs!"
Blork the orc hits you with a war axe.
* * * LOW HITPOINT WARNING * * *
Blork the orc casts a spell at you. The puff of flame misses you.
Casting: Conjure Flame
Confirm with . or Enter, or press ? or * to list all spells.
You blink.
Blork the orc gestures at you while chanting.
The puff of frost hits you!
You die...

...............#........#
##....o.######.#.#o.....#
........# #...#......#
######..# ##..#......#
#.########..#...)..#.# #.#
#......(o........# ######.#
#.####..#..#.....#
#......###.####..#..#.###.#
#.............#.@#....# #
#......###.##.#.......##
#......# #.##.#...........
#......###.##.).......###.
#......##........###.##
.......###.##..#.# .#
.#########.....#†# .# ...#
##.#####..#<#.#.#
##.###...............


You could see Blork the orc.

Vanquished Creatures
  An ogre (D:4)
  An orc priest (D:2)
  Terence (D:2)
  4 adders
  4 dart slugs
  10 orcs
  5 giant cockroaches
  6 goblins
  4 hobgoblins
  4 jackals
  9 kobolds
  2 quokkas
  5 bats
  4 frilled lizards
  3 rats
63 creatures vanquished.

Notes
Turn   | Place    | Note
-------+----------+-------------------------------------------
     0 | D:1      | pib the Deep Elf Wizard began the quest for the Orb.
     0 | D:1      | Reached XP level 1. HP: 10/10 MP: 7/7
   165 | D:1      | Reached skill level 2 in Conjurations
   230 | D:1      | Reached XP level 2. HP: 15/15 MP: 3/9
   568 | D:1      | Reached skill level 3 in Conjurations
   782 | D:1      | Reached XP level 3. HP: 17/19 MP: 5/10
   807 | D:1      | Learned a level 2 spell: Blink
   811 | D:1      | Learned a level 3 spell: Conjure Flame
  1125 | D:2      | Noticed Terence
  1469 | D:2      | Found a snail-covered altar of Cheibriados.
  1612 | D:2      | Reached skill level 4 in Conjurations
  1824 | D:2      | Reached XP level 4. HP: 24/24 MP: 4/12
  1900 | D:2      | Reached skill level 5 in Conjurations
  1909 | D:2      | Learned a level 3 spell: Mephitic Cloud
  2092 | D:2      | Found a burning altar of Makhleb.
  2092 | D:2      | Noticed a blizzard demon
  2095 | D:2      | Noticed a hellwing
  2095 | D:2      | Noticed a smoke demon
  2140 | D:2      | Killed Terence
  2140 | D:2      | Reached skill level 1 in Air Magic
  2140 | D:2      | Reached XP level 5. HP: 28/28 MP: 2/13
  2361 | D:3      | Reached skill level 1 in Poison Magic
  2608 | D:3      | Found a bloodstained altar of Trog.
  2762 | D:4      | Noticed an ogre
  2847 | D:4      | Found a sacrificial altar of Ru.
  2897 | D:4      | Noticed an ogre
  2908 | D:4      | Killed an ogre
  3100 | D:4      | Noticed Blork the orc
  3143 | D:4      | Killed from afar by Blork the orc

Skill      XL: |  1  2  3  4  5 |
---------------+----------------+-----
Conjurations   | 2 3 4 5 |  5.0
Air Magic      | 1 2 |  2.3
Poison Magic   | 2 |  2.6
Dodging        | |  2.4
Stealth        | |  2.4
Spellcasting   | |  4.4
Summonings     | |  1.1
Translocations | |  1.1

Action                   |  1- 3 |  4- 6 || total
-------------------------+-------+-------++-------
Melee: Short sword       |    12 |       ||    12
 Cast: Magic Dart        |    89 |    71 ||   160
       Conjure Flame     |     2 |     4 ||     6
       Mephitic Cloud    |       |     2 ||     2
       Blink             |       |     1 ||     1
  Use: Scroll            |       |     2 ||     2
  Eat: Chunk             |     3 |     4 ||     7
Armor: Robe              |     5 |     2 ||     7
Dodge: Dodged            |    26 |    11 ||    37
